 Dungeon Crawl Stone Soup version 0.28.0-53-g5a82cb258f (webtiles) character file.

Game seed: 1851780902645380671

77962 Duralumin the Severer (level 16, -3/122 HPs)
             Began as a Formicid Fighter on June 15, 2022.
             Was a High Priest of Okawaru.
             Slain by a slime creature (7 damage)
             ... in the Arena on June 16, 2022.
             The game lasted 01:58:42 (22542 turns).

Duralumin the Severer (Formicid Fighter)           Turns: 22542, Time: 01:58:42

Health: -3/122     AC: 27    Str: 42    XL:     16   Next: 6%
Magic:  21/26      EV: 10    Int: 19    God:    Okawaru [*****.]
Gold:   1424       SH: 12    Dex: 10    Spells: 15/15 levels left

rFire   . . .      SeeInvis +   R - +8 great mace "Widowmaker" {vorpal, Int+6}
rCold   . . .      Faith    .   c - +0 buckler
rNeg    . . .      Spirit   .   T - +1 plate armour of Gravity {Str+8 Int+4 Stlth+}
rPois   +          Reflect  +   (helmet unavailable)
rElec   .          Harm     .   F - +0 cloak {rPois}
rCorr   .          Rampage  .   m - +0 pair of gloves
Will    +....                   e - +1 pair of boots
Stlth   ..........              j - amulet of reflection
HPRegen 0.30/turn               v - +6 ring of strength
MPRegen 0.20/turn               E - +4 ring of protection

@: heroic, marked, duelling
A: permanent stasis, dig shafts and tunnels, antennae 3, four strong arms
a: Dig, Renounce Religion, Heroism, Finesse, Duel


You were in the Arena.
You worshipped Okawaru.
Okawaru was extremely pleased with you.
You visited 3 branches of the dungeon, and saw 19 of its levels.
You visited the Abyss 1 time.
You also visited: Volcano.

You collected 1424 gold pieces.

Inventory:

Hand Weapons
 C - a +5 morningstar of protection
 H - a +4 antimagic demon whip
 N - a +0 arbalest of flaming
 R - the +8 great mace "Widowmaker" (weapon) {vorpal, Int+6}
   (Okawaru gifted it to you on level 1 of the Lair of Beasts)

   It inflicts extra damage upon your enemies.
   Int:       It affects your intelligence (+6).
 W - a +1 vorpal executioner's axe
Missiles
 b - 2 javelins
 q - 139 bolts
 y - 30 poisoned darts
 D - 7 boomerangs (quivered)
 M - a curare-tipped dart
Armour
 c - a +0 buckler (worn)
 e - a +1 pair of boots (worn)
 m - a +0 pair of gloves (worn)
 r - a +2 cloak of preservation
 F - a +0 cloak of poison resistance (worn)
 P - a scarf of resistance
 T - the +1 plate armour of Gravity (worn) {Str+8 Int+4 Stlth+}
   (You found it on level 2 of the Lair of Beasts)

   Str:       It affects your strength (+8).
   Int:       It affects your intelligence (+4).
   Stlth:     It makes you more stealthy.
Jewellery
 a - a ring of protection from cold
 j - an amulet of reflection (around neck)
 v - a +6 ring of strength (left hand)
 x - an amulet of regeneration
 E - a +4 ring of protection (right hand)
 O - a ring of positive energy
 X - a ring of ice
Wands
 g - a wand of polymorph (1)
 w - a wand of mindburst (16)
 z - a wand of iceblast (23)
 A - a wand of flame (77)
 G - a wand of paralysis (7)
 I - a wand of digging (13)
 J - a wand of acid (6)
Scrolls
 h - 2 scrolls of silence
 l - 2 scrolls of magic mapping
 s - 6 scrolls of vulnerability
 u - 4 scrolls of immolation
 B - a scroll of amnesia
Potions
 d - 2 potions of might
 f - a potion of magic {unknown}
 i - 2 potions of flight
 k - 2 potions of attraction
 n - a potion of resistance
 p - 5 potions of curing
 U - a potion of brilliance {unknown}
 V - 2 potions of degeneration {unknown}
 Z - a potion of lignification {unknown}
Miscellaneous
 o - a condenser vane


   Skills:
 - Level 10.0(15.0) Fighting
 - Level 16.0(22.9) Axes
 + Level 13.4(21.6) Maces & Flails
 - Level 3.4(8.4) Throwing
 - Level 10.0(15.0) Armour
 - Level 10.0(15.0) Shields
 - Level 14.0 Invocations


You had 15 spell levels left.
You didn't know any spells.
Your spell library contained the following spells:

 Spells                   Type           Power      Damage    Failure   Level
 Apportation              Tloc           0%         N/A       61%         1
 Sublimation of Blood     Necr           0%         N/A       75%         2
 Wereblood                Tmut           0%         N/A       75%         2
 Confusing Touch          Hex            0%         N/A       93%         3
 Conjure Flame            Conj/Fire      0%         6-21      93%         3
 Ignite Poison            Fire/Tmut/Pois 0%         N/A       93%         3
 Leda's Liquefaction      Hex/Erth       0%         N/A       100%        4
 Sticky Flame             Conj/Fire      0%         2d3       100%        4
 Alistair's Intoxication  Tmut/Pois      0%         N/A       100%        5
 Lee's Rapid Deconstruct  Erth           0%         3d5*      100%        5
 Yara's Violent Unravell  Hex/Tmut       0%         3d3       100%        5
 Statue Form              Tmut/Erth      0%         N/A       100%        6
 Enfeeble                 Hex            0%         N/A       100%        7
 Animate Skeleton         Necr           Unusable   N/A       N/A         1
 Summon Small Mammal      Summ           Unusable   N/A       N/A         1
 Call Canine Familiar     Summ           Unusable   N/A       N/A         3
 Summon Guardian Golem    Hex/Summ       Unusable   N/A       N/A         3
 Summon Hydra             Summ           Unusable   N/A       N/A         7

Dungeon Overview and Level Annotations

Branches:
Dungeon (12/15)            Temple (1/1) D:5            Lair (6/6) D:10
 Shoals (0/4) Lair:4       Spider (0/4) Lair:3        Slime (0/5) Lair:6
Volcano (visited)
    Orc: D:9-12

Altars:
Ashenzari
Cheibriados
Elyvilon
Fedhas
Hepliaklqana
Kikubaaqudgha
Makhleb
Nemelex Xobeh
Okawaru
Qazlal
Ru
Trog
Vehumet
Xom
Yredelemnul

Annotations:
D:4 exclusion: statue
D:9 exclusion: upstairs
D:11 2 transporters, manix's ghost, journeyman GrEE


Innate Abilities, Weirdness & Mutations

You cannot be hasted, slowed, berserked, paralysed or teleported.
You can dig through walls and to a lower floor.
You have a pair of large antennae on your head. (SInv)
Your four strong arms can wield two-handed weapons with a shield.


Message History

You bludgeon the titanic slime creature!!
The titanic slime creature is moderately wounded.
You block the titanic slime creature's attack.
You pound the titanic slime creature like an anvil!!!
The titanic slime creature is heavily wounded.
You hammer the titanic slime creature like a gong!!!
The titanic slime creature is severely wounded.
The titanic slime creature hits you!!!
* * * LOW HITPOINT WARNING * * *
You barely miss the titanic slime creature.
The titanic slime creature is severely wounded.
A titanic slime creature splits.
Okay, then.
You feel better.
A very large slime creature splits.
You block the large slime creature's attack.
You feel better.
The large slime creature barely misses you.
A large slime creature splits.
The slime creature hits you but does no damage.
You sock the large slime creature!
The large slime creature is severely wounded.
The large slime creature hits you but does no damage.
You sock the large slime creature!
The large slime creature is severely wounded.
You block the slime creature's attack. x2
The slime creature hits you but does no damage.
You barely miss the large slime creature.
The large slime creature is severely wounded.
The large slime creature hits you!!
* * * LOW HITPOINT WARNING * * *
The slime creature barely misses you. x2
The slime creature closely misses you.
Okay, then.
Unknown command.
You feel better. The large slime creature hits you.
* * * LOW HITPOINT WARNING * * *
You block the slime creature's attack. The slime creature misses you.
The slime creature hits you!
You die...
Okawaru crowns the slime creature victorious!

###########
#..pppp...#
#.▓▓▓▓▓▓▓.#
#p▓.....▓p#
#p▓J@J..▓▓#
#p▓.JJ..▓∩#
#p▓.....▓▓#
#p▓.....▓p#
#.▓▓▓▓▓▓▓.#
#...pppp..#
###########


You could see a large slime creature and 3 slime creatures.

Vanquished Creatures
  A tentacled starspawn (Arena)
  2 wizards
  A hydra (Lair:2)
  2 boulder beetles
  A merfolk avatar (Abyss:3)
  Erica (Lair:2)
  4 two-headed ogres
  4 catoblepae
  A deep troll shaman (Lair:6)
  3 thrashing horrors (Abyss:3)
  7 death yaks
  Nergalle (Lair:2)
  A deep elf archer (Volcano)
  A lindwurm (Lair:6)
  An oklob plant (D:10)
  6 deep elf pyromancers (Volcano)
  A wolf spider (Lair:3)
  An orc sorcerer (D:11)
  2 cyclopes
  2 manticores (Lair:4)
  3 elephants (Lair:6)
  4 black mambas
  2 torpor snails
  3 unseen horrors
  A gargoyle (D:7)
  14 cane toads
  8 komodo dragons
  An efreet (Abyss:3)
  A rime drake (Lair:5)
  A troll (D:11)
  A meliai (D:12)
  2 polar bears (Lair:6)
  9 blink frogs
  A wraith (D:10)
  3 jumping spiders (Lair:3)
  A vampire (D:11)
  6 wyverns
  Sigmund (D:3)
  7 fire elementals (Volcano)
  73 yaks
  A steam dragon (D:6)
  5 vampire mosquitoes (D:11)
  7 basilisks
  2 acid dragons
  15 water moccasins
  4 hell hounds (Volcano)
  3 orc warriors
  4 black bears
  3 sky beasts
  3 ogres
  2 necrophages
  20 wolves
  4 centaurs
  A small abomination (D:11)
  Blork the orc (D:6)
  A kobold brigand (D:9)
  2 scorpions
  13 bullfrogs
  A wyvern skeleton (D:6)
  5 killer bees (D:7)
  9 wights
  2 electric eels (D:6)
  2 vampire bats (D:3)
  4 howler monkeys
  A bullfrog zombie (D:6)
  4 centaur zombies
  2 hounds (D:5)
  15 jellies
  7 orc priests
  A centaur skeleton (D:5)
  4 iguanas
  7 orc wizards
  A howler monkey zombie (D:9)
  13 adders
  9 gnolls (D:6)
  A shadow imp (D:7)
  2 worms
  2 dart slugs
  42 orcs
  8 bats
  3 bat skeletons (D:3)
  3 bat zombies (D:3)
  5 endoplasms
  8 giant cockroaches
  31 goblins
  26 hobgoblins
  7 jackals (D:4)
  3 quokkas
  4 ball pythons
  7 frilled lizards
  17 kobolds
  A quokka skeleton (D:4)
  9 rats
542 creatures vanquished.

Vanquished Creatures (others)
  43 fungi
  119 plants
  4 starspawn tentacles
166 creatures vanquished.

Grand Total: 708 creatures vanquished

Notes
Turn   | Place    | Note
-------+----------+-------------------------------------------
     0 | D:1      | Duralumin the Formicid Fighter began the quest for the Orb.
     0 | D:1      | Reached XP level 1. HP: 18/18 MP: 1/1
   398 | D:1      | Reached XP level 2. HP: 18/24 MP: 2/2
   757 | D:1      | Reached skill level 3 in Axes
  1044 | D:1      | Reached XP level 3. HP: 25/29 MP: 3/3
  2167 | D:3      | Reached skill level 4 in Axes
  2167 | D:3      | Reached XP level 4. HP: 35/35 MP: 4/4
  2231 | D:3      | Found an ancient bone altar of Kikubaaqudgha.
  2239 | D:3      | Reached XP level 5. HP: 41/41 MP: 5/5
  2244 | D:3      | Reached skill level 5 in Axes
  2759 | D:3      | Noticed Sigmund
  2766 | D:3      | Killed Sigmund
  2767 | D:3      | Reached skill level 6 in Axes
  2767 | D:3      | Reached XP level 6. HP: 43/47 MP: 6/6
  2873 | D:4      | Noticed an ogre
  2955 | D:4      | Found a radiant altar of Vehumet.
  3017 | D:4      | Noticed a necrophage
  3079 | D:4      | Killed a necrophage
  3080 | D:4      | Reached skill level 7 in Axes
  3080 | D:4      | Reached XP level 7. HP: 49/52 MP: 7/7
  3336 | D:4      | Identified a scroll of acquirement
  3336 | D:4      | Acquired a manual of Axes
  3434 | D:4      | Found a bloodstained altar of Trog.
  3443 | D:4      | Reached skill level 8 in Axes
  4007 | D:4      | Reached skill level 9 in Axes
  4007 | D:4      | Reached XP level 8. HP: 58/58 MP: 8/8
  4171 | D:4      | Identified the +9 rapier "Isiaxkurph" {vorpal, *Corrode rN+
                  | Dex+2}
  4274 | D:5      | Entered Level 5 of the Dungeon
  4274 | D:5      | Found a sacrificial altar of Ru.
  4513 | D:5      | Found a hazy altar of Hepliaklqana.
  4575 | D:5      | Reached skill level 10 in Axes
  4666 | D:5      | Found a staircase to the Ecumenical Temple.
  4677 | Temple   | Entered the Ecumenical Temple
  4727 | Temple   | Became a worshipper of Warmaster Okawaru
  4829 | D:5      | Reached skill level 11 in Axes
  5130 | D:5      | Reached skill level 12 in Axes
  5191 | D:5      | Reached * piety under Okawaru
  5383 | D:5      | Reached XP level 9. HP: 51/64 MP: 9/9
  5616 | D:6      | Reached skill level 13 in Axes
  5887 | D:6      | Reached skill level 1 in Invocations
  6133 | D:6      | Noticed Blork the orc
  6149 | D:6      | Killed Blork the orc
  6186 | D:6      | Reached skill level 14 in Axes
  6331 | D:6      | Reached ** piety under Okawaru
  6710 | D:6      | You fall into a shaft and drop 3 floors!
  7029 | D:9      | Reached skill level 5 in Invocations
  7188 | D:9      | Noticed a hornet
  7238 | D:9      | Identified the +9 hunting sling "Vuim" {freeze, Dex+3}
  7411 | D:8      | Noticed a cyclops
  7428 | D:8      | Killed a cyclops
  7429 | D:8      | Reached skill level 15 in Axes
  7429 | D:8      | Reached XP level 10. HP: 40/70 MP: 10/13
  8104 | D:7      | Found a blossoming altar of Fedhas.
  8135 | D:7      | Found a burning altar of Makhleb.
  9167 | D:7      | Reached skill level 16 in Axes
  9327 | D:7      | Noticed a gargoyle
  9335 | D:7      | Killed a gargoyle
  9335 | D:7      | Reached *** piety under Okawaru
  9876 | D:8      | You fall into a shaft and drop 2 floors!
  9876 | D:10     | Entered Level 10 of the Dungeon
  9888 | D:10     | Noticed a two-headed ogre
  9904 | D:10     | Killed a two-headed ogre
  9905 | D:10     | Reached skill level 5 in Shields
  9927 | D:10     | Reached skill level 5 in Fighting
  9927 | D:10     | Reached skill level 5 in Armour
  9933 | D:10     | Reached **** piety under Okawaru
 10136 | D:10     | Found a basalt altar of Yredelemnul.
 10397 | D:8      | Noticed an unseen horror
 10405 | D:8      | Killed an unseen horror
 10406 | D:8      | Reached skill level 1 in Throwing
 10406 | D:8      | Reached XP level 11. HP: 69/80 MP: 14/14
 11087 | D:9      | Noticed a two-headed ogre
 11098 | D:9      | Killed a two-headed ogre
 11098 | D:9      | Reached ***** piety under Okawaru
 11431 | D:9      | Found a broken altar of Ashenzari.
 11435 | D:9      | Saw a vision of the Shoals and the Spider Nest.
 11714 | D:10     | Found a staircase to the Lair.
 11717 | D:10     | Noticed an oklob plant
 12178 | D:10     | Killed an oklob plant
 12189 | Lair:1   | Entered Level 1 of the Lair of Beasts
 12808 | D:11     | Reached XP level 12. HP: 79/91 MP: 16/16
 13172 | Lair:1   | Identified the +8 great mace "Widowmaker" {vorpal, Int+6}
                  | (Okawaru gifted it to you on level 1 of the Lair of Beasts)
 13172 | Lair:1   | Received a gift from Okawaru
 13949 | Lair:2   | Noticed an eight-headed hydra
 14146 | Lair:2   | Killed an eight-headed hydra
 14195 | Lair:2   | Reached ****** piety under Okawaru
 14201 | Lair:2   | Reached skill level 10 in Shields
 14231 | Lair:2   | Noticed a death yak
 14231 | Lair:2   | Noticed a death yak
 14233 | Lair:2   | Noticed a death yak
 14262 | Lair:2   | Killed a death yak
 14263 | Lair:2   | Reached XP level 13. HP: 79/101 MP: 11/19
 14272 | Lair:2   | Received a gift from Okawaru
 14412 | Lair:2   | Noticed Erica
 14425 | Lair:2   | Killed Erica
 14617 | Lair:2   | Reached skill level 10 in Fighting
 14617 | Lair:2   | Reached skill level 10 in Armour
 14749 | Lair:2   | Reached skill level 1 in Maces & Flails
 14876 | Lair:2   | Identified the +1 plate armour of Gravity {Str+8 Int+4
                  | Stlth+}
 15063 | Lair:2   | Noticed Nergalle
 15084 | Lair:2   | Killed Nergalle
 15085 | Lair:2   | Reached skill level 10 in Invocations
 15474 | Lair:3   | Found a hole to the Spider Nest.
 15585 | Lair:3   | Reached skill level 5 in Maces & Flails
 16579 | Lair:4   | Found a staircase to the Shoals.
 16791 | Lair:4   | Received a gift from Okawaru
 17359 | Lair:4   | Reached XP level 14. HP: 81/110 MP: 21/21
 18429 | Lair:5   | Found a dark tunnel.
 18434 | Volcano  | Entered a volcano
 18444 | Volcano  | Reached skill level 10 in Maces & Flails
 18472 | Volcano  | Identified the +3 tower shield of the Dropbear {-Tele
                  | *Corrode rF+++ rC+} (Okawaru gifted it to you in a volcano)
 18472 | Volcano  | Received a gift from Okawaru
 19384 | Lair:5   | Reached XP level 15. HP: 115/115 MP: 23/23
 19401 | Lair:6   | Entered Level 6 of the Lair of Beasts
 19616 | Lair:6   | Found a staircase to the Slime Pits.
 20493 | Lair:6   | Received a gift from Okawaru
 21579 | D:11     | Found a transporter.
 21589 | D:11     | Noticed manix's ghost (journeyman GrEE)
 21601 | D:11     | Found a transporter.
 21659 | D:11     | Cast into level 3 of the Abyss (a wizard)
 21712 | Abyss:3  | Noticed a tentacled starspawn
 21717 | Arena    | Entered the Arena
 21724 | Arena    | Killed a tentacled starspawn
 21764 | Abyss:3  | Found a corrupted altar of Lugonu.
 21812 | Abyss:3  | Found a corrupted altar of Lugonu.
 21866 | Abyss:3  | Noticed a tentacled starspawn
 21866 | Abyss:3  | Noticed a tentacled starspawn
 21868 | D:11     | Escaped the Abyss
 21910 | D:11     | Reached XP level 16. HP: 37/122 MP: 26/26
 22529 | Arena    | Entered the Arena
 22541 | Arena    | HP: 1/122 [large slime creature (22)]
 22542 | Arena    | Slain by a slime creature

Illustrated notes

Levels and vault maps discovered:
D:1:      matt_arrival_refuge, layout_loops_corners,
          kennysheep_decorative_pillar, minmay_close_crescents
D:2:      layout_loops_ring, minmay_worlds_worst_comb
D:3:      layout_rooms, kennysheep_vampire_church, minmay_box_of_dots,
          uniq_sigmund
D:4:      layout_loops_ring, vehumet_statue, trog_butcher_becter,
          corexii_hall_statues_i, minmay_goblin_kobold_house
D:5:      wad_lake_hut, layout_loops_cross, nzn_hepliaklqana_mist_gate,
          general_overflow_altar, temple_pool_b
D:6:      minmay_goblin_kobold_castle, layout_cave_pools, minmay_misc_feat_x,
          uniq_blork_the_orc
D:7:      layout_loops_corners, mainiacjoe_overflow_two_lobes
D:8:      layout_basic
D:9:      layout_roguey, grunt_ashenzari_visionary
          [grunt_ashenzari_visionary_shoals, grunt_ashenzari_visionary_spider],
          kennysheep_cluttered_room, nicolae_fountain_basement
D:10:     layout_basic, mainiacjoe_overflow_boulevard, dpeg_oklobed_lair
D:11:     cheibrodos_wizards_tower, layout_loops_ring,
          gammafunk_ghost_berserking_beasts, hangedman_decor_opposing
D:12:     layout_cave_pools, orc_0_dummy, special_room [special_room_bee],
          small_chamber_with_monster
Temple:   nicolae_temple_figure_eight
Lair:1:   layout_gridlike, st_stairs_5, grunt_megastairs_1
Lair:2:   layout_cave_pods, uniq_nergalle, uniq_erica
Lair:3:   minmay_lair_venomous_thicket, layout_regular_city,
          spider_nest_entry_a, lemuel_fruit_tree
Lair:4:   nzn_motion_control, layout_regular_city, elwin_shoals_entry_rocks,
          serial_bayou_shore_b
Lair:5:   layout_concentric_octagons, nicolae_volcano_entry_s_turn, minivault_24
Lair:6:   grunt_lair_end_beastmaster, layout_layer_cave,
          minmay_slime_entry_jelly_boxes, serial_bayou_shore_b,
          grunt_megastairs_2
Arena

Skill      XL: |  1  2  3  4  5  6  7  8  9 10 11 12 13 14 15 16 |
---------------+-------------------------------------------------+-----
Axes           | 3 4 6 7 9 12 15 16 | 16.0
Invocations    | 5 6 8 10 11 13 14 | 14.0
Shields        | 6 8 10 | 10.0
Fighting       | 5 7 9 10 | 10.0
Armour         | 5 7 9 10 | 10.0
Throwing       | 1 3 |  3.4
Maces & Flails | 8 11 13 | 13.4

Action                   |  1- 3 |  4- 6 |  7- 9 | 10-12 | 13-15 | 16-18 || total
-------------------------+-------+-------+-------+-------+-------+-------++-------
Melee: War axe           |   139 |   125 |   290 |   521 |       |       ||  1075
       Great mace        |       |       |       |    32 |   506 |    28 ||   566
Throw: Stone             |     2 |     5 |    10 |       |       |       ||    17
       Dart              |       |       |     2 |    16 |     1 |       ||    19
       Boomerang         |       |       |       |    19 |    52 |       ||    71
       Javelin           |       |       |       |     3 |     5 |       ||     8
Invok: Heroism           |       |       |     4 |    19 |    13 |     1 ||    37
       Finesse           |       |       |       |     2 |     1 |       ||     3
       Duel              |       |       |       |       |     1 |     1 ||     2
 Abil: Dig               |     1 |       |       |     2 |     4 |       ||     7
       Shaft Self        |       |       |     1 |       |       |       ||     1
Evoke: Wand              |       |       |       |     1 |       |       ||     1
  Use: Potion            |       |     1 |     1 |     1 |     5 |     3 ||    11
       Scroll            |       |       |    16 |     2 |     3 |       ||    21
 Stab: Invisible         |       |       |       |    15 |     1 |       ||    16
       Petrified         |       |       |       |       |     7 |       ||     7
Armor: Scale mail        |    76 |    56 |    16 |       |       |       ||   148
       Chain mail        |       |       |    68 |    62 |       |       ||   130
       Plate armour      |       |       |       |    52 |   251 |    26 ||   329
Dodge: Dodged            |    56 |    51 |    97 |   139 |   131 |    20 ||   494
Block: Buckler           |    43 |    82 |   126 |   201 |   223 |    36 ||   711
       Reflection        |       |     1 |    25 |     3 |     2 |     1 ||    32
